 Dungeon Crawl Stone Soup version 0.27.1-3-gb3d3a73c9e (webtiles) character file.

Game seed: 12456860828074482498

536 Dustman the Skirmisher (level 7, -6/71 HPs)
             Began as an Ogre Transmuter on Oct 18, 2021.
             Killed from afar by a white imp (7 damage)
             ... with a puff of frost
             ... on level 6 of the Dungeon.
             The game lasted 00:24:11 (2670 turns).

Dustman the Skirmisher (Ogre Transmuter)            Turns: 2670, Time: 00:24:12

Health: -6/71      AC:  4    Str: 17    XL:     7   Next: 25%
Magic:  13/13      EV:  9    Int: 14    God:
Gold:   128        SH:  0    Dex:  9    Spells: 11/14 levels left

rFire    . . .     SeeInvis +     - Unarmed
rCold    . . .     Faith    .   (no shield)
rNeg     . . .     Spirit   .   a - +0 robe
rPois    .         Reflect  .   (helmet currently unavailable)
rElec    .         Harm     .   i - +0 cloak
rCorr    .         Rampage  .   (gloves unavailable)
Will     .....                  (boots unavailable)
Stlth    +.........             (no amulet)
HPRegen  0.21/turn              g - ring of see invisible
MPRegen  0.13/turn              (no ring)

@: appendages, hasted (expiring), very quick
A: horns 2, talons 2, large, unfitting armour, tough skin 1
a: End Transformation


You were on level 6 of the Dungeon.
You had temporarily grown beastly horns and talons.
You visited 2 branches of the dungeon, and saw 8 of its levels.
You also visited: Ossuary.

You collected 128 gold pieces.

Inventory:

Missiles
 b - 8 boomerangs
 d - a throwing net
Armour
 a - a +0 robe (worn)
 i - a +0 cloak (worn)
Jewellery
 g - a ring of see invisible (left hand)
Wands
 f - a wand of digging (4)
Scrolls
 c - 2 scrolls of teleportation
 e - a scroll of brand weapon
 h - a scroll of silence {unknown}
 j - a scroll of identify


   Skills:
 + Level 4.7 Fighting
 + Level 1.9 Throwing
 - Level 1.7 Dodging
 + Level 4.1 Unarmed Combat
 + Level 4.4 Spellcasting
 + Level 3.6 Transmutations


You had 11 spell levels left.
You knew the following spells:

 Your Spells              Type           Power      Damage    Failure   Level
a - Beastly Appendage     Tmut           26%        N/A       4%          1
b - Wereblood             Tmut           13%        N/A       6%          2

Your spell library contained the following spells:

 Spells                   Type           Power      Damage    Failure   Level
 Spider Form              Tmut/Pois      4%         N/A       26%         3
 Ice Form                 Ice/Tmut       8%         N/A       65%         4


Dungeon Overview and Level Annotations

Branches:
Dungeon (7/15)             Temple (1/1) D:5         Ossuary (visited)

Altars:
Ashenzari
Cheibriados
Dithmenos
Elyvilon
Fedhas
Gozag
Hepliaklqana
Kikubaaqudgha
Makhleb
Nemelex Xobeh
Okawaru
Qazlal
Ru
Sif Muna
Trog
Uskayaw
Vehumet
Xom
Yredelemnul
Zin
The Shining One

Shops:
D:2 =   D:6 (

Annotations:
D:2 Natasha


Innate Abilities, Weirdness & Mutations

You have temporarily grown beastly horns and talons.
You are too large for most types of armour.
You have tough skin. (AC +1)


Message History

The hound bites you but does no damage.
You hit the hound.
The hound is heavily wounded.
The white imp gestures at you. The puff of frost hits you. The hound bites you.
You barely miss the hound. Your kick misses the hound.
The hound is heavily wounded.
The hound bites you.
You barely miss the hound.
The hound is heavily wounded.
The hound bites you but does no damage.
You barely miss the hound.
The hound is heavily wounded.
The white imp summons a swarm of flies.
You hit the hound.
The hound is severely wounded.
The hound barely misses you.
You hit the hound but do no damage. You claw the hound.
You kill the hound!
The shadow imp barely misses you.
You hit the white imp. You claw the white imp.
The white imp is severely wounded.
You hit the white imp. Your headbutt misses the white imp.
The white imp is almost dead.
The white imp hits you. The white imp freezes you.
The shadow imp gestures at you. Pain shoots through your body!
* * * LOW HITPOINT WARNING * * *
An ogre comes into view. It is wielding a +0 giant club.
You aren't carrying any potions.
The white imp gestures at you. The puff of frost hits you!
* * * LOW HITPOINT WARNING * * *
Your extra speed is starting to run out.
The shadow imp gestures at you.
You struggle to resist.
There is a stone staircase leading down here.
The white imp gestures at you. The puff of frost hits you!
You die...

.....?...#######..#####....#
.†......................8...
##.##..#...######..#........
#.##........# ##...8.....8
#.##.....)..# #..........O
#.##........# #.8.....8...
##.##.##...### #......?....
...##.##...# ####..5.8.....8
...##.###### #∩.@..5........
....... .......[.8.....8...
....# #####..............
....# ##.##...8.....8 ..#.#
#. ###........ ..#.# #.
##...8... .##.##### #.
##...# .##..... .. ##
.......########## ###


You could see a white imp and a shadow imp.

Vanquished Creatures
  A sky beast (D:6)
  A scorpion (D:5)
  A water moccasin skeleton (D:2)
  A hound (D:6)
  A jelly (D:5)
  A centaur skeleton (D:6)
  Terence (D:3)
  An orc wizard (D:3)
  A scorpion zombie (D:5)
  2 killer bee zombies
  A hound zombie (D:5)
  A howler monkey zombie (D:5)
  4 adders
  6 orcs
  2 endoplasms
  A giant cockroach (D:3)
  9 hobgoblins
  9 jackals
  6 kobolds
  A quokka (D:2)
  2 ball pythons (D:1)
  A bat (D:3)
  2 frilled lizards
  6 goblins
  8 rats
70 creatures vanquished.

Notes
Turn   | Place    | Note
-------+----------+-------------------------------------------
     0 | D:1      | Dustman the Ogre Transmuter began the quest for the Orb.
     0 | D:1      | Reached XP level 1. HP: 19/19 MP: 3/3
   273 | D:1      | Found a faded altar of an unknown god.
   326 | D:1      | Reached XP level 2. HP: 28/28 MP: 3/5
   506 | D:1      | Learned a level 2 spell: Wereblood
   544 | D:2      | Reached XP level 3. HP: 29/35 MP: 5/7
   586 | D:2      | Found Cavum's Jewellery Shoppe.
   719 | D:2      | Reached XP level 4. HP: 27/44 MP: 8/8
   724 | D:2      | Noticed Natasha
   731 | D:3      | Noticed Terence
   745 | D:3      | Killed Terence
   858 | D:3      | Reached XP level 5. HP: 29/53 MP: 10/10
  1317 | D:4      | Found a sand-covered staircase.
  1545 | Ossuary  | Entered an ossuary
  1545 | Ossuary  | Noticed a wraith
  1545 | Ossuary  | Noticed a wraith
  1545 | Ossuary  | Noticed a wraith
  1854 | D:5      | Entered Level 5 of the Dungeon
  1861 | D:5      | Reached XP level 6. HP: 27/62 MP: 9/11
  1926 | D:4      | Noticed a black bear
  2342 | D:5      | Reached skill level 1 in Throwing
  2342 | D:5      | Found a staircase to the Ecumenical Temple.
  2359 | Temple   | Entered the Ecumenical Temple
  2505 | D:7      | Noticed an acid dragon
  2611 | D:6      | Noticed a sky beast
  2629 | D:6      | Killed a sky beast
  2630 | D:6      | Reached XP level 7. HP: 34/71 MP: 13/13
  2655 | D:6      | Found Heyfahax's Antique Weapon Emporium.
  2666 | D:6      | HP: 1/71 [white imp/puff of frost (9)]
  2670 | D:6      | Killed from afar by a white imp

Illustrated notes

Levels and vault maps discovered:
D:1:      lemuel_arrival_tunnels, layout_basic,
          ebering_ecumenical_altar_petrified
D:2:      layout_loops_ring, serial_shops, nicolae_shop_behind_doors,
          basic_altar, uniq_natasha
D:3:      layout_basic, uniq_terence
D:4:      layout_loops_ring, nicolae_ossuary_entry_false_entrances,
          chequers_serial_rivers_large_b, kennysheep_cross_room
D:5:      layout_gridville, minmay_temple_entry_butterflies,
          portal_sewer_entry_c
D:6:      minmay_cornered_nines, layout_loops_ring, serial_shops, shop,
          kennysheep_doodads
D:7:      layout_layer_cave, dk_noncrumbling_3, uniq_pikel, uniq_joseph
Temple:   compressed_dpeg_circular_temple

Skill      XL: |  1  2  3  4  5  6 |
---------------+-------------------+-----
Transmutations | 2 3 |  3.6
Fighting       | 2 3 4 |  4.7
Unarmed Combat | 3 4 |  4.1
Spellcasting   | 3 4 |  4.4
Throwing       | 1 |  1.9
Dodging        | |  1.7

Action                   |  1- 3 |  4- 6 |  7- 9 || total
-------------------------+-------+-------+-------++-------
Melee: Unarmed           |    69 |   184 |    10 ||   263
       Headbutt          |     4 |    20 |       ||    24
       Kick              |    13 |    37 |     2 ||    52
       Punch             |       |     2 |       ||     2
Throw: Boomerang         |       |    11 |       ||    11
 Cast: Beastly Appendage |    14 |    30 |     1 ||    45
       Wereblood         |       |     4 |       ||     4
  Use: Potion            |     2 |     4 |       ||     6
       Scroll            |     3 |     3 |       ||     6
Armor: Robe              |    20 |    55 |     2 ||    77
Dodge: Dodged            |    26 |    85 |     2 ||   113
